 Dungeon Crawl Stone Soup version 0.31-a0-162-gc4c5a43528 (webtiles) character file.

Game seed: 16028897336562832589

1141 qw the Skirmisher (level 8, 0/72 HPs)
             Began as a Naga Hunter on June 12, 2023.
             Was a Follower of Okawaru.
             Succumbed to a killer bee's poison
             ... on level 5 of the Dungeon.
             The game lasted 00:01:58 (4988 turns).

qw the Skirmisher (Naga Hunter)                     Turns: 4988, Time: 00:01:59

Health: 0/72       AC:  5    Str: 14    XL:     8   Next: 37%
Magic:  9/11       EV: 14    Int:  9    God:    Okawaru [*.....]
Gold:   131        SH:  0    Dex: 23    Spells: 7/7 levels left

rFire   . . .        Y - +0 shortbow
rCold   . . .        (shield currently unavailable)
rNeg    . . .        c - +0 leather armour
rPois   +            (no helmet)
rElec   .            (no cloak)
rCorr   .            (no gloves)
SInv    +            (no barding)
Will    +....        (no amulet)
Stlth   ++++         d - +6 ring of dexterity
HPRegen 0.32/turn    (no ring)
MPRegen 0.12/turn

%: no passive effects
@: lethally poisoned (0 -> -1), short of breath, heroic, very slow
A: AC +2, large, see invisible, deformed body, poison resistance, slowness 2,
spit poison 1, naga tail 1, shaggy fur 1
a: Spit Poison, Renounce Religion, Heroism


You were on level 5 of the Dungeon.
You worshipped Okawaru.
Okawaru was aware of your devotion.
You visited 2 branches of the dungeon, and saw 7 of its levels.
You also visited: Ossuary.

You collected 478 gold pieces.
You spent 347 gold pieces at shops.


Innate Abilities, Weirdness & Mutations

Your serpentine skin is tough. (AC +2)
You have supernaturally acute eyesight. (SInv)
Armour fits poorly on your strangely shaped body.
Your system is resistant to poisons. (rPois)
You cover ground very slowly.
You can spit poison.
You have a snake-like lower body.
You are covered in fur. (AC +1)


   Skills:
 - Level 4.2(9.2) Fighting
 - Level 8.0(13.0) Ranged Weapons
 + Level 2.0(7.0) Dodging
 - Level 1.5(6.5) Stealth
 - Level 4.0 Invocations


You had 7 spell levels left.
You didn't know any spells.
Your spell library was empty.

Inventory:

Hand Weapons
 Y - a +0 shortbow (weapon)
Armour
 c - a +0 leather armour (worn)
Jewellery
 d - a +6 ring of dexterity (left hand)
Scrolls
 e - a scroll of identify
 f - a scroll of teleportation
 i - a scroll of enchant armour
Potions
 a - a potion of mutation
 b - a potion of resistance
 k - 3 potions of curing
 l - a potion of heal wounds {unknown}
 m - a potion of haste {unknown}
 n - a potion of brilliance {unknown}

Dungeon Overview and Level Annotations

Branches:
Dungeon (6/15)             Temple (1/1) D:4         Ossuary (visited)

Altars:
Ashenzari
Cheibriados
Dithmenos
Elyvilon
Fedhas
Gozag
Hepliaklqana
Kikubaaqudgha
Makhleb
Nemelex Xobeh
Okawaru
Qazlal
Ru
Sif Muna
Trog
Uskayaw
Vehumet
Wu Jian
Xom
Yredelemnul
Zin
The Shining One

Shops:
D:5 *


Message History

4983 ||| INVOKING Heroism.
You gain the combat prowess of a mighty hero.
You feel sick. The killer bee closely misses you. The killer bee stings you. x2
The killer bee completely misses you. The killer bee stings you.
The killer bee stings you but does no damage.
The killer bee barely misses you. The killer bee stings you.
4984 ||| READING 2 scrolls of teleportation.
As you read the scroll of teleportation, it crumbles to dust.
You feel strangely unstable.
You feel sick. The killer bee closely misses you. The killer bee stings you.
The killer bee misses you. The killer bee barely misses you. x3
The killer bee misses you.
The killer bee stings you but does no damage.
4985 ||| INVOKING Spit Poison.
Aiming: Spit Poison (1% risk of failure)
Press: ? - help, Shift-Dir - straight line, f - killer bee The splash of poison misses the killer bee.
You feel sick. The killer bee barely misses you. The killer bee stings you.
The killer bee closely misses you. The killer bee barely misses you.
The killer bee closely misses you. The killer bee stings you.
The killer bee stings you but does no damage.
The killer bee closely misses you.
You shoot an arrow.
The arrow hits the killer bee but does no damage.
The killer bee is severely wounded.
You feel sick.
The killer bee stings you but does no damage.
The killer bee misses you. The killer bee completely misses you.
The killer bee closely misses you. The killer bee misses you.
The killer bee barely misses you. The killer bee closely misses you.
The killer bee stings you.
You shoot an arrow. The arrow hits the killer bee.
You kill the killer bee!
Okawaru accepts your kill.
You feel sick. The killer bee barely misses you. The killer bee misses you. x2
Your base Ranged Weapons skill increases to level 8!
You shoot an arrow. The arrow hits the killer bee.
The killer bee is severely wounded.
Your surroundings suddenly seem different.
You die...

############
##############..........#
....#(.......'..........#
....#........#..........#
....'........#..........#
....#........#..........#
...###########..@.......#
#######
...#.............########
#......
...#.............#
#......
...#........###..#
#......
...#........#%#..###
#......
...#........###.####
#......
####............#%##
#......
..........###.\.####
####...
..........#%#......# #...


There were no monsters in sight!

Vanquished Creatures
  A water moccasin (D:5)
  2 phantoms (D:5)
  3 scorpions (D:5)
  A killer bee (D:5)
  2 howler monkeys (D:5)
  A jelly (D:5)
  5 hounds
  A sleepcap (D:5)
  A gnoll bouda (D:5)
  8 mummies (Ossuary)
  7 gnolls
  12 adders
  An ufetubus (D:5)
  A worm (D:2)
  2 dart slugs
  2 endoplasms
  2 gnoll zombies (Ossuary)
  9 goblins
  8 hobgoblins
  6 jackals (D:2)
  A quokka (D:5)
  6 ball pythons
  7 bats
  3 frilled lizards
  2 hobgoblin zombies (Ossuary)
  5 kobolds
  2 kobold zombies (Ossuary)
  2 orc zombies (Ossuary)
  10 rats
113 creatures vanquished.

Notes
Turn   | Place    | Note
-------+----------+-------------------------------------------
     0 | D:1      | qw the Naga Hunter began the quest for the Orb.
     0 | D:1      | Reached XP level 1. HP: 19/19 MP: 1/1
     0 | D:1      | 0 ||| qw: Version: 0.2-a-29-gc1b59c4
     0 | D:1      | 0 ||| qw: Game counter: 4430
     0 | D:1      | 0 ||| qw: Always use a shield: true
     0 | D:1      | 0 ||| qw: God list: Okawaru
     0 | D:1      | 0 ||| qw: Allow faded altars: false
     0 | D:1      | 0 ||| qw: Do Orc after D:15 true
     0 | D:1      | 0 ||| qw: Do second Lair branch before Depths: true
     0 | D:1      | 0 ||| qw: Lair rune preference: random
     0 | D:1      | 0 ||| qw: Plans: Normal
     0 | D:1      | 0 ||| PLANNING D:1-11
     9 | D:1      | 9 ||| INVOKING Spit Poison.
    15 | D:1      | 15 ||| INVOKING Spit Poison.
    40 | D:1      | 40 ||| INVOKING Spit Poison.
    55 | D:1      | 55 ||| INVOKING Spit Poison.
    56 | D:1      | Reached skill level 4 in Ranged Weapons
    56 | D:1      | Reached XP level 2. HP: 26/26 MP: 2/2
    59 | D:1      | 59 ||| INVOKING Spit Poison.
    71 | D:1      | 71 ||| INVOKING Spit Poison.
   108 | D:1      | 108 ||| INVOKING Spit Poison.
   119 | D:1      | 119 ||| INVOKING Spit Poison.
   120 | D:1      | 120 ||| INVOKING Spit Poison.
   201 | D:1      | 201 ||| INVOKING Spit Poison.
   595 | D:1      | Found a faded altar of an unknown god.
   733 | D:1      | 733 ||| INVOKING Spit Poison.
   737 | D:1      | 737 ||| UPGRADING to +6 ring of dexterity.
   738 | D:1      | 738 ||| DROPPING scroll of butterflies.
   769 | D:2      | 769 ||| INVOKING Spit Poison.
   807 | D:2      | 807 ||| INVOKING Spit Poison.
   812 | D:2      | 812 ||| INVOKING Spit Poison.
   867 | D:2      | 867 ||| INVOKING Spit Poison.
   882 | D:2      | 882 ||| INVOKING Spit Poison.
   885 | D:2      | Reached XP level 3. HP: 31/32 MP: 3/3
   915 | D:2      | 915 ||| INVOKING Spit Poison.
   953 | D:2      | 953 ||| INVOKING Spit Poison.
  1051 | D:2      | 1051 ||| INVOKING Spit Poison.
  1055 | D:2      | 1055 ||| INVOKING Spit Poison.
  1058 | D:2      | 1058 ||| INVOKING Spit Poison.
  1063 | D:2      | 1063 ||| INVOKING Spit Poison.
  1066 | D:2      | 1066 ||| INVOKING Spit Poison.
  1160 | D:2      | 1160 ||| INVOKING Spit Poison.
  1162 | D:2      | Reached skill level 5 in Ranged Weapons
  1162 | D:2      | Reached XP level 4. HP: 39/39 MP: 4/4
  1177 | D:2      | 1177 ||| INVOKING Spit Poison.
  1186 | D:2      | 1186 ||| INVOKING Spit Poison.
  1303 | D:2      | 1303 ||| INVOKING Spit Poison.
  1314 | D:2      | 1314 ||| INVOKING Spit Poison.
  1319 | D:2      | 1319 ||| INVOKING Spit Poison.
  1322 | D:2      | 1322 ||| INVOKING Spit Poison.
  1377 | D:2      | 1377 ||| DROPPING +6 ring of intelligence.
  1378 | D:2      | 1378 ||| READING scroll labelled LAUGEUSCH ARAD.
  1379 | D:2      | 1379 ||| READING scroll labelled NUPHER JEVEXZIA.
  1380 | D:2      | 1380 ||| READING scroll labelled XAORAL UDELUIMOUKE.
  1381 | D:2      | 1381 ||| READING scroll labelled SIOS QOIHYOLING.
  1438 | D:3      | 1438 ||| INVOKING Spit Poison.
  1447 | D:3      | 1447 ||| INVOKING Spit Poison.
  1464 | D:3      | 1464 ||| INVOKING Spit Poison.
  1490 | D:3      | 1490 ||| INVOKING Spit Poison.
  1545 | D:3      | 1545 ||| INVOKING Spit Poison.
  1559 | D:3      | 1559 ||| INVOKING Spit Poison.
  1567 | D:3      | 1567 ||| INVOKING Spit Poison.
  1568 | D:3      | Reached skill level 3 in Fighting
  1629 | D:3      | 1629 ||| INVOKING Spit Poison.
  1632 | D:3      | Reached XP level 5. HP: 49/49 MP: 5/5
  1652 | D:3      | 1652 ||| INVOKING Spit Poison.
  1807 | D:3      | 1807 ||| INVOKING Spit Poison.
  1816 | D:3      | Found a sacrificial altar of Ru.
  1828 | D:3      | 1828 ||| INVOKING Spit Poison.
  1831 | D:3      | 1831 ||| INVOKING Spit Poison.
  2050 | D:3      | 2050 ||| READING scroll labelled UWYACW ZUNNYPP.
  2078 | D:4      | 2078 ||| PLANNING OSSUARY
  2119 | D:4      | 2119 ||| INVOKING Spit Poison.
  2125 | D:4      | Found a staircase to the Ecumenical Temple.
  2168 | D:4      | Found a sand-covered staircase.
  2176 | Ossuary  | Entered an ossuary
  2378 | Ossuary  | Reached XP level 6. HP: 50/56 MP: 6/6
  2406 | Ossuary  | Reached skill level 6 in Ranged Weapons
  2456 | Ossuary  | 2456 ||| READING 3 scrolls labelled LICEVA YRGHY.
  2460 | Ossuary  | 2460 ||| READING scroll labelled SEVISUMP FOAG.
  2561 | Ossuary  | 2561 ||| DRINKING 2 lumpy orange potions.
  2561 | Ossuary  | Gained mutation: You are covered in fur. (AC +1) [potion of
                  | mutation]
  2562 | Ossuary  | 2562 ||| DRINKING 2 silvery potions.
  2563 | Ossuary  | 2563 ||| DRINKING 2 golden potions.
  2564 | Ossuary  | 2564 ||| READING 4 scrolls of identify.
  2564 | Ossuary  | 2564 ||| IDENTIFYING grey potion
  2565 | Ossuary  | 2565 ||| READING 3 scrolls of identify.
  2565 | Ossuary  | 2565 ||| IDENTIFYING bubbling purple potion
  2566 | Ossuary  | 2566 ||| READING 2 scrolls of identify.
  2566 | Ossuary  | 2566 ||| IDENTIFYING glowing silvery potion
  2567 | Ossuary  | 2567 ||| DROPPING potion of lignification.
  2568 | Ossuary  | 2568 ||| DROPPING potion of degeneration.
  2569 | Ossuary  | 2569 ||| DROPPING potion of enlightenment.
  2587 | D:4      | 2587 ||| PLANNING TEMPLE
  2618 | Temple   | Entered the Ecumenical Temple
  2724 | Temple   | 2724 ||| PLANNING OKAWARU WORSHIP
  2929 | Temple   | Became a worshipper of Warmaster Okawaru
  2929 | Temple   | 2929 ||| PLANNING D:1-11
  2982 | D:4      | 2982 ||| INVOKING Spit Poison.
  2983 | D:4      | 2983 ||| Stepping ~*~*~tactically~*~*~ (outnumbered).
  3024 | D:4      | 3024 ||| INVOKING Spit Poison.
  3038 | D:4      | 3038 ||| INVOKING Spit Poison.
  3182 | D:4      | 3182 ||| INVOKING Spit Poison.
  3223 | D:4      | 3223 ||| INVOKING Spit Poison.
  3235 | D:4      | 3235 ||| INVOKING Spit Poison.
  3443 | D:4      | 3443 ||| INVOKING Spit Poison.
  3545 | D:4      | 3545 ||| INVOKING Spit Poison.
  3628 | D:4      | 3628 ||| READING scroll labelled DEMIOD GEA.
  3644 | D:5      | Entered Level 5 of the Dungeon
  3645 | D:5      | 3645 ||| INVOKING Spit Poison.
  3648 | D:5      | 3648 ||| INVOKING Spit Poison.
  3649 | D:5      | 3649 ||| STAIRDANCE
  3652 | D:4      | 3652 ||| INVOKING Spit Poison.
  3659 | D:4      | 3659 ||| INVOKING Spit Poison.
  3771 | D:5      | 3771 ||| INVOKING Spit Poison.
  3774 | D:5      | 3774 ||| STAIRDANCE
  3776 | D:4      | 3776 ||| INVOKING Spit Poison.
  3863 | D:5      | 3863 ||| INVOKING Spit Poison.
  3866 | D:5      | 3866 ||| INVOKING Spit Poison.
  3870 | D:5      | 3870 ||| STAIRDANCE
  3900 | D:5      | 3900 ||| INVOKING Spit Poison.
  3904 | D:5      | 3904 ||| STAIRDANCE
  3939 | D:5      | 3939 ||| INVOKING Spit Poison.
  3958 | D:5      | Reached XP level 7. HP: 64/64 MP: 7/7
  3962 | D:5      | 3962 ||| INVOKING Spit Poison.
  3965 | D:5      | 3965 ||| INVOKING Spit Poison.
  3969 | D:5      | 3969 ||| INVOKING Spit Poison.
  3972 | D:5      | 3972 ||| INVOKING Spit Poison.
  4048 | D:5      | Reached * piety under Okawaru
  4049 | D:5      | Reached skill level 7 in Ranged Weapons
  4144 | D:5      | 4144 ||| INVOKING Spit Poison.
  4150 | D:5      | 4150 ||| INVOKING Spit Poison.
  4155 | D:5      | Reached skill level 1 in Invocations
  4173 | D:5      | Found a hide-covered altar of Uskayaw.
  4192 | D:5      | 4192 ||| INVOKING Spit Poison.
  4195 | D:5      | 4195 ||| INVOKING Spit Poison.
  4198 | D:5      | 4198 ||| INVOKING Spit Poison.
  4202 | D:5      | 4202 ||| INVOKING Spit Poison.
  4206 | D:5      | 4206 ||| INVOKING Spit Poison.
  4321 | D:5      | 4321 ||| INVOKING Heroism.
  4333 | D:5      | Reached XP level 8. HP: 38/72 MP: 7/10
  4471 | D:5      | 4471 ||| INVOKING Spit Poison.
  4482 | D:5      | 4482 ||| INVOKING Spit Poison.
  4541 | D:5      | 4541 ||| INVOKING Spit Poison.
  4544 | D:5      | Reached skill level 3 in Invocations
  4558 | D:5      | Found a shimmering altar of Xom.
  4560 | D:5      | 4560 ||| INVOKING Heroism.
  4561 | D:5      | 4561 ||| INVOKING Spit Poison.
  4567 | D:5      | 4567 ||| INVOKING Spit Poison.
  4629 | D:5      | 4629 ||| INVOKING Spit Poison.
  4636 | D:5      | 4636 ||| INVOKING Spit Poison.
  4639 | D:5      | Reached ** piety under Okawaru
  4808 | D:5      | Found Ufu Yhou's Assorted Antiques.
  4816 | D:5      | 4816 ||| BUYING bronze wand (100 gold).
  4816 | D:5      | Bought a bronze wand for 100 gold pieces
  4816 | D:5      | 4816 ||| BUYING curved gold wand (100 gold).
  4816 | D:5      | Bought a curved gold wand for 100 gold pieces
  4816 | D:5      | 4816 ||| BUYING potion of curing (75 gold).
  4816 | D:5      | Bought a potion of curing for 75 gold pieces
  4816 | D:5      | 4816 ||| BUYING scroll of identify (50 gold).
  4816 | D:5      | Bought a scroll of identify for 50 gold pieces
  4816 | D:5      | 4816 ||| BUYING yellow potion (22 gold).
  4816 | D:5      | Bought a yellow potion for 22 gold pieces
  4915 | D:5      | 4915 ||| INVOKING Spit Poison.
  4956 | D:5      | 4956 ||| READING 2 scrolls of identify.
  4956 | D:5      | 4956 ||| IDENTIFYING yellow potion
  4957 | D:5      | 4957 ||| DROPPING wand of paralysis (6).
  4958 | D:5      | 4958 ||| DROPPING wand of polymorph (6).
  4959 | D:5      | 4959 ||| DROPPING potion of invisibility.
  4978 | D:6      | 4978 ||| INVOKING Spit Poison.
  4981 | D:6      | 4981 ||| STAIRDANCE
  4983 | D:5      | 4983 ||| INVOKING Heroism.
  4983 | D:5      | HP: 18/72 [killer bee (5)]
  4984 | D:5      | 4984 ||| READING 2 scrolls of teleportation.
  4985 | D:5      | 4985 ||| INVOKING Spit Poison.
  4985 | D:5      | HP: 7/72 [killer bee (2)]
  4986 | D:5      | HP: 1/72 [killer bee (5)]
  4988 | D:5      | Reached skill level 8 in Ranged Weapons
  4988 | D:5      | Succumbed to a killer bee's poison

Levels and vault maps discovered:
D:1:      minmay_arrival_solitary_statue, layout_basic,
          chequers_ecumenical_altar_twisty
D:2:      layout_loops_ring
D:3:      cheibrodos_helix_gallery, layout_basic,
          nicolae_ru_sacrificial_ziggurat, chequers_serial_rivers_marsh,
          st_stairs_12
D:4:      layout_gridville, temple_fountains, chequers_ossuary_entry_cave
D:5:      layout_gridville, serial_shops, nicolae_shop_gibbet_a_chance,
          hangedman_feature_mirror, st_stairs_11
D:6:      layout_rooms, uniq_eustachio, uniq_crazy_yiuf_cottage,
          uniq_blork_the_orc, uniq_duvessa
Temple:   roderic_octagonal_lattice_temple

Skill      XL: |  1  2  3  4  5  6  7  8 |
---------------+-------------------------+-----
Ranged Weapons | 4 5 6 7 8 |  8.0
Fighting       | 3 4 |  4.2
Dodging        | 2 |  2.0
Invocations    | 2 4 |  4.0
Stealth        | |  1.5

Action                     |  1- 3 |  4- 6 |  7- 9 || total
---------------------------+-------+-------+-------++-------
   Fire: Shortbow          |    44 |   178 |    97 ||   319
 Invoke: Heroism           |       |       |     3 ||     3
Ability: Spit Poison       |    23 |    37 |    21 ||    81
    Use: Scroll            |       |    11 |     2 ||    13
         Potion            |       |     3 |       ||     3
 Armour: Leather armour    |     9 |    14 |    29 ||    52
  Dodge: Dodged            |    20 |    35 |    49 ||   104

Table legend:
 A = Non-vault XP
 B = Vault XP
 C = Vault XP percentage of total XP
 D = Non-vault monster count
 E = Vault monster count
 F = Vault count percentage of total count
                 A         B        C        D         E       F
            +---------+---------+-------+---------+---------+-------
      Total |    1259 |     372 |  22.8 |      89 |      24 |  21.2
            +---------+---------+-------+---------+---------+-------
        D:1 |      25 |       0 |   0.0 |      16 |       0 |   0.0
        D:2 |      89 |       0 |   0.0 |      24 |       0 |   0.0
        D:3 |      72 |       4 |   5.3 |      14 |       3 |  17.6
        D:4 |      87 |      42 |  32.6 |      15 |       1 |   6.2
        D:5 |     986 |     169 |  14.6 |      20 |       4 |  16.7
    Ossuary |       0 |     157 | 100.0 |       0 |      16 | 100.0
            +---------+---------+-------+---------+---------+-------
